 Dungeon Crawl Stone Soup version 0.24.0-2-g5b39cebb1c (webtiles) character file.

Game seed: 3153401077220923032, levelgen mode: deterministic

89323 Brecoman the Thaumaturge (level 15, -5/93 HPs)
             Began as a Tengu Air Elementalist on Oct 28, 2019.
             Was a High Priest of Dithmenos.
             Hit by a javelin thrown by a merfolk javelineer (17 damage)
             ... on level 4 of the Shoals on Oct 29, 2019.
             The game lasted 02:42:23 (45694 turns).

Brecoman the Thaumaturge (Tengu Air Elementalist)  Turns: 45694, Time: 02:42:24

Health: -5/93      AC: 11    Str: 13    XL:     15   Next: 96%
Magic:  29/41      EV: 16    Int: 23    God:    Dithmenos [*****.]
Gold:   2023       SH: 10    Dex: 15    Spells: 18/38 levels left

rFire    . . .     SeeInvis .   a - +9 dagger of Impermanence {flame, Str+4}
rCold    . . .     Gourm    .   i - +0 buckler
rNeg     + . .     Faith    .   Z - +0 scale mail of True Grit {*Slow rN+ Int+2}
rPois    .         Spirit   .   J - +2 hat {MR+}
rElec    .         Reflect  +   P - scarf {cloud immunity}
rCorr    .         Harm     .   B - +2 pair of gloves
MR       ++...                  (boots unavailable)
Stlth    +++++.....             D - +4 amulet of reflection
HPRegen  0.25/turn              U - ring of magical power
MPRegen  0.27/turn              A - ring of wizardry

@: flying quickly and evasively, wreathed by umbra, quick
A: beak, talons 3, able to fly
a: Stop Flying, Shadow Step, Shadow Form, Renounce Religion


You were on level 4 of the Shoals.
You worshipped Dithmenos.
Dithmenos was extremely pleased with you.
You were hungry.

You visited 5 branches of the dungeon, and saw 24 of its levels.

You collected 2539 gold pieces.
You spent 516 gold pieces at shops.

Inventory:

Hand Weapons
 a - the +9 dagger of Impermanence (weapon) {flame, Str+4}
   (You found it on level 4 of the Dungeon)

   It has been specially enchanted to burn those struck by it, causing extra
   injury to most foes and up to half again as much damage against particularly
   susceptible opponents.
   It affects your strength (+4).
Missiles
 e - 617 stones (quivered)
 O - 4 throwing nets
Armour
 i - a +0 buckler (worn)
 B - a +2 pair of gloves (worn)
 J - a +2 hat of magic resistance (worn)
 P - a scarf of cloud immunity (worn)
 Z - the +0 scale mail of True Grit (worn) {*Slow rN+ Int+2}
   (You bought it in a shop on level 1 of the Orcish Mines)

   It affects your intelligence (+2).
   It protects you from negative energy.
   It may slow you when you take damage.
Magical Staves
 b - an uncursed staff of energy
Jewellery
 j - a +3 ring of strength
 x - an uncursed ring of protection from fire
 A - a ring of wizardry (right hand)
 D - a +4 amulet of reflection (around neck)
 U - a ring of magical power (left hand)
 X - an uncursed ring of poison resistance
Wands
 g - a wand of paralysis (21)
 o - a wand of iceblast (2)
 p - a wand of polymorph (14)
 s - a wand of digging (3)
 z - a wand of random effects (39)
 H - a wand of disintegration (10)
 I - a wand of enslavement (7)
 K - a wand of flame (18)
 T - a wand of acid (4)
Scrolls
 k - 3 scrolls of vulnerability
 r - 3 scrolls of enchant armour
 v - 2 scrolls of fog
 w - 4 scrolls of teleportation
 y - 8 scrolls of magic mapping
 C - 6 scrolls of identify
 E - 4 scrolls of enchant weapon
 F - 2 scrolls of amnesia
 M - 2 scrolls of immolation
 N - a scroll of remove curse
Potions
 d - 3 potions of mutation
 f - 6 potions of lignification
 h - a potion of cancellation
 l - 14 potions of curing
 n - 4 potions of agility
 q - 2 potions of haste
 t - 4 potions of ambrosia
 u - 4 potions of heal wounds
 G - 4 potions of berserk rage
 V - 3 potions of brilliance
 W - 2 potions of might
Miscellaneous
 m - a phantom mirror
 L - a lightning rod (4/4)
 R - a sack of spiders
 S - a lamp of fire
 Y - a box of beasts
Comestibles
 c - 40 rations


   Skills:
 + Level 10.7 Fighting
 - Level 10.0 Short Blades
 + Level 9.5 Dodging
 + Level 10.1 Stealth
 + Level 6.6 Shields
 + Level 12.1 Spellcasting
 - Level 12.0 Conjurations
 - Level 12.0 Air Magic
 + Level 9.3 Evocations


You had 18 spell levels left.
You knew the following spells:

 Your Spells              Type           Power        Failure   Level  Hunger
a - Shock                 Conj/Air       ####         1%          1    None
b - Swiftness             Chrm/Air       #####...     1%          2    None
c - Static Discharge      Conj/Air       ######..     1%          3    None
d - Airstrike             Air            ######....   1%          4    None
e - Lightning Bolt        Conj/Air       ######....   1%          5    ####...
f - Blink                 Tloc           N/A          14%         2    None
h - Mephitic Cloud        Conj/Pois/Air  ######..     1%          3    None

Your spell library contained the following spells:

 Spells                   Type           Power        Failure   Level  Hunger
 Magic Dart               Conj           ####         1%          1    None
 Conjure Flame            Conj/Fire      #####...     2%          3    None
 Apportation              Tloc           ##....       9%          1    None
 Beastly Appendage        Tmut           ##....       9%          1    None
 Summon Butterflies       Summ           ##......     9%          1    None
 Call Imp                 Summ           ##......     14%         2    None
 Slow                     Hex            ##......     14%         2    None
 Sticks to Snakes         Tmut           ##......     14%         2    None
 Lesser Beckoning         Tloc           ##........   26%         3    None
 Spider Form              Tmut/Pois      ##........   26%         3    None
 Tukima's Dance           Hex            ##......     26%         3    None
 Freezing Cloud           Conj/Ice/Air   ######....   45%         6    #####..
 Ice Form                 Ice/Tmut       ##......     63%         4    None
 Bolt of Cold             Conj/Ice       #####.....   71%         6    #####..
 Alistair's Intoxication  Tmut/Pois      ##......     91%         5    ####...
 Blade Hands              Tmut           ##........   91%         5    ####...
 Metabolic Englaciation   Hex/Ice        ##........   91%         5    ####...
 Invisibility             Hex            ##......     100%        6    #####..
 Ozocubu's Refrigeration  Ice            ##........   100%        6    #####..
 Simulacrum               Ice/Necr       ##........   100%        6    #####..


Dungeon Overview and Level Annotations

Branches:
Dungeon (11/15)            Temple (1/1) D:7            Lair (6/6) D:10
 Shoals (4/4) Lair:3       Spider (0/4) Lair:4        Slime (0/5) Lair:6
    Orc (2/2) D:10            Elf (0/3) Orc:2

Altars:
Ashenzari
Dithmenos
Elyvilon
Fedhas
Gozag
Kikubaaqudgha
Makhleb
Nemelex Xobeh
Okawaru
Qazlal
Sif Muna
Trog
Vehumet
Wu Jian
Xom
Yredelemnul
Zin
The Shining One

Shops:
D:8 %   D:9 *   D:10 *:   Orc:1 [   Orc:2 }*(%   Shoals:1 %!

Annotations:
Lair:5 exclusion: oklob plant


Innate Abilities, Weirdness & Mutations

You have a beak for a mouth.
You have claws for feet.
You can fly continuously.


Message History

The sea snake hisses angrily.
The merfolk javelineer throws a javelin.
The javelin closely misses you.
A manticore comes into view.
The merfolk javelineer throws a javelin.
The javelin pierces through you!!
* * * LOW HITPOINT WARNING * * *
Okay, then.
The merfolk javelineer throws a javelin.
The javelin pierces through you but does no damage.
You hear a splash.
You block the merfolk's attack.
As you read the scroll of fog, it crumbles to dust.
The scroll dissolves into smoke.
The merfolk javelineer throws a javelin.
The javelin pierces through you!
* * * LOW HITPOINT WARNING * * *
The merfolk javelineer throws a javelin.
The javelin pierces through you!
You die...

≈≈≈≈≈≈≈.# ..
≈k≈≈≈≈≈≈## . ......
≈≈≈≈≈≈≈≈## .##......
...≈§≈(## ####........
#.§§m§###≈##........
#§§§§....≈.........P
#m.#§§mk(.§§..mH......
c≈m.
#§§m..≈§§§§........
.#m#
#..m..S≈§@§<....... ≈m
#≈≈≈≈≈≈≈§§§≈....... $
##≈≈≈≈≈≈≈§≈§≈......
#≈≈≈≈≈≈≈≈≈≈≈≈≈≈≈≈≈≈
##≈≈≈≈≈≈≈≈≈≈≈≈≈≈≈##
≈≈≈≈≈≈≈≈≈≈≈≈≈≈≈###
.≈≈≈≈≈≈≈≈≈≈≈≈≈≈≈#
.≈≈≈≈≈≈≈≈≈≈≈≈≈≈≈#


You could see 3 merfolk javelineers, a sea snake, a wind drake, a merfolk and a
manticore.

Vanquished Creatures
  Donald (Orc:2)
  A merfolk javelineer (Shoals:2)
  A fire dragon (Lair:6)
  2 merfolk impalers (Shoals:3)
  5 hydras
  2 merfolk avatars (Shoals:2)
  A catoblepas (Lair:6)
  A merfolk aquamancer (Shoals:1)
  2 alligator snapping turtles
  4 two-headed ogres
  A tengu warrior (D:10)
  An orc high priest (Orc:2)
  Urug (Lair:5)
  Sonja (Orc:1)
  3 sea snakes
  A swamp dragon (Lair:6)
  A wizard (D:11)
  12 harpies
  2 orc knights (Orc:1)
  8 manticores
  5 ugly things
  17 elephants
  6 fauns
  7 orc sorcerers
  5 black mambas
  2 cyclopes
  10 merfolk sirens
  8 water nymphs
  16 spiny frogs
  8 komodo dragons
  2 rime drakes
  22 merfolk
  4 trolls
  9 polar bears (Lair:6)
  4 wind drakes
  Grinder (D:3)
  8 blink frogs
  4 raiju (Lair:6)
  5 slime creatures
  10 hippogriffs
  3 snapping turtles
  9 dream sheep
  2 wyverns
  5 water elementals
  4 basilisks
  14 yaks
  A steam dragon (Lair:6)
  A hungry ghost (D:9)
  5 wargs
  An acid dragon (Lair:6)
  11 hell hounds (Lair:6)
  14 porcupines
  9 water moccasins
  5 sky beasts
  14 black bears
  3 ice beasts
  29 orc warriors
  4 swamp drakes (Lair:6)
  4 phantoms
  12 ogres
  17 wolves
  5 centaurs
  12 crocodiles
  A big kobold (D:8)
  10 bullfrogs
  4 scorpions
  7 killer bees (D:7)
  2 electric eels
  4 howler monkeys
  2 crimson imps
  4 human zombies (D:11)
  6 jellies
  2 quasits
  4 hounds
  19 orc priests
  A human skeleton (D:11)
  46 orc wizards
  2 gnoll shamans (D:7)
  3 iguanas
  7 worker ants
  3 hound skeletons
  6 mummies (D:11)
  Robin (D:3)
  A howler monkey zombie (D:8)
  8 gnolls (D:7)
  14 adders
  2 shadow imps (D:8)
  An ooze (D:1)
  2 adder skeletons
  2 worms (D:2)
  5 dart slugs
  4 leopard geckos
  93 orcs
  A ball python (D:2)
  9 giant cockroaches
  12 hobgoblins
  22 jackals
  5 quokkas
  A ball python skeleton (D:4)
  7 bats
  7 frilled lizards
  16 goblins
  2 jackal zombies
  16 kobolds
  A leopard gecko zombie (D:6)
  An orc zombie (D:11)
  A quokka skeleton (D:6)
  12 rats
  A butterfly (Lair:5)
  A fungus (Lair:5)
769 creatures vanquished.

Vanquished Creatures (collateral kills)
  2 dream sheep (Lair:6)
  A fungus (Lair:6)
3 creatures vanquished.

Vanquished Creatures (others)
  A satyr (Shoals:3)
  A faun (Shoals:2)
  2 centaurs (Lair:3)
  An orc wizard (Orc:2)
  18 fungi
  44 plants
67 creatures vanquished.

Grand Total: 839 creatures vanquished

Notes
Turn   | Place    | Note
-------+----------+-------------------------------------------
     0 | D:1      | Brecoman the Tengu Air Elementalist began the quest for the
                  | Orb.
     0 | D:1      | Reached XP level 1. HP: 10/10 MP: 4/4
   142 | D:1      | Reached XP level 2. HP: 4/16 MP: 3/6
   721 | D:1      | Reached skill level 1 in Fighting
   803 | D:1      | Reached XP level 3. HP: 11/20 MP: 2/7
  1229 | D:1      | Found a sparkling altar of Nemelex Xobeh.
  1664 | D:2      | Reached XP level 4. HP: 18/25 MP: 2/8
  2226 | D:2      | Learned a level 2 spell: Swiftness
  2230 | D:2      | Learned a level 3 spell: Static Discharge
  2407 | D:2      | Reached skill level 5 in Air Magic
  2838 | D:3      | Gained mutation: You can fly continuously. [Tengu growth]
  2838 | D:3      | Reached XP level 5. HP: 30/30 MP: 8/10
  3335 | D:3      | Found an ornate altar of the Wu Jian Council.
  3336 | D:3      | Found an iron altar of Okawaru.
  3402 | D:3      | Noticed Grinder
  3690 | D:3      | Killed Grinder
  3690 | D:3      | Reached XP level 6. HP: 29/37 MP: 3/12
  3807 | D:3      | Noticed Robin
  3821 | D:3      | Killed Robin
  4763 | D:4      | Reached XP level 7. HP: 41/41 MP: 7/13
  5066 | D:4      | Got an iridescent dagger
  5067 | D:4      | Identified the +9 dagger of Impermanence {flame, Str+4}
                  | (You found it on level 4 of the Dungeon)
  5116 | D:4      | Learned a level 4 spell: Airstrike
  5125 | D:4      | Reached skill level 5 in Conjurations
  5199 | D:4      | Reached skill level 1 in Short Blades
  5344 | D:5      | Entered Level 5 of the Dungeon
  5620 | D:5      | Reached XP level 8. HP: 46/46 MP: 2/15
  6979 | D:6      | Reached skill level 5 in Spellcasting
  7205 | D:5      | Reached XP level 9. HP: 33/50 MP: 0/17
  7532 | D:6      | Reached skill level 5 in Dodging
  7667 | D:6      | Found a shimmering altar of Xom.
  7674 | D:6      | Learned a level 5 spell: Lightning Bolt
  7709 | D:6      | Found a glowing golden altar of the Shining One.
  7713 | D:6      | Learned a level 2 spell: Blink
  7736 | D:6      | Reached skill level 1 in Evocations
  8388 | D:7      | Found a burning altar of Makhleb.
  8578 | D:7      | Reached skill level 1 in Shields
  9280 | D:7      | Reached skill level 5 in Short Blades
  9862 | D:7      | Found a staircase to the Ecumenical Temple.
  9884 | Temple   | Entered the Ecumenical Temple
  9901 | Temple   | Became a worshipper of Dithmenos the Shadowed
 10261 | D:8      | Reached XP level 10. HP: 42/56 MP: 4/20
 10452 | D:8      | Found a blossoming altar of Fedhas.
 10892 | D:8      | Found a bloodstained altar of Trog.
 10910 | D:8      | Found a shimmering altar of Xom.
 11123 | D:8      | Found Cicy's Food Shop.
 11182 | D:8      | Reached * piety under Dithmenos
 11243 | D:8      | Noticed a two-headed ogre
 11397 | D:8      | Found a shattered altar of Ashenzari.
 11540 | D:8      | Killed a two-headed ogre
 12295 | D:9      | Learned a level 1 spell: Beastly Appendage
 12299 | D:9      | Learned a level 3 spell: Mephitic Cloud
 12402 | D:9      | Found a glowing silver altar of Zin.
 12403 | D:9      | Found Zin's Purification Station.
 12788 | D:9      | Found an opulent altar of Gozag.
 12948 | D:10     | Entered Level 10 of the Dungeon
 13131 | D:10     | Found Acit's General Store.
 13135 | D:10     | Bought a scroll of teleportation for 36 gold pieces
 13135 | D:10     | Bought a scroll of teleportation for 36 gold pieces
 13357 | D:10     | Found a staircase to the Lair.
 13357 | D:10     | Noticed an elephant
 13376 | D:10     | Killed an elephant
 13376 | D:10     | Reached skill level 5 in Evocations
 13519 | D:10     | Noticed a two-headed ogre
 13534 | D:10     | Killed a two-headed ogre
 13534 | D:10     | Reached XP level 11. HP: 60/60 MP: 1/23
 13618 | D:10     | Reached ** piety under Dithmenos
 13810 | D:10     | Noticed a tengu warrior
 13825 | D:10     | Killed a tengu warrior
 14027 | D:10     | Found Ziohea Leiwn's Book Boutique.
 14105 | D:10     | Found a staircase to the Orcish Mines.
 14496 | D:11     | Noticed a two-headed ogre
 14582 | D:11     | Noticed a red ugly thing
 14583 | D:11     | Noticed a brown ugly thing
 14584 | D:11     | Noticed a purple ugly thing
 14604 | D:10     | Killed a red ugly thing
 14713 | D:11     | Noticed a cyan ugly thing
 15268 | D:11     | Noticed a brown ugly thing
 15270 | D:11     | Noticed a red ugly thing
 16191 | D:11     | Killed a two-headed ogre
 17071 | D:11     | Found an ancient bone altar of Kikubaaqudgha.
 17625 | D:11     | Noticed a two-headed ogre
 17708 | D:10     | Killed a cyan ugly thing
 17708 | D:10     | Reached skill level 10 in Air Magic
 17871 | D:11     | Killed a two-headed ogre
 18502 | D:10     | Found a staircase to the Lair.
 18527 | D:10     | Found Ziohea Leiwn's Book Boutique.
 18587 | D:10     | Found a staircase to the Orcish Mines.
 18743 | D:10     | Found Acit's General Store.
 19055 | D:10     | Killed a red ugly thing
 19058 | D:10     | Killed a brown ugly thing
 19058 | D:10     | Reached XP level 12. HP: 66/66 MP: 7/25
 19712 | D:11     | Noticed a white very ugly thing
 19795 | Lair:1   | Entered Level 1 of the Lair of Beasts
 19980 | Lair:1   | Noticed a seven-headed hydra
 19996 | Lair:1   | Reached skill level 10 in Conjurations
 20093 | Lair:1   | Killed a seven-headed hydra
 20459 | Lair:1   | Noticed a six-headed hydra
 21226 | Lair:1   | Killed a six-headed hydra
 21226 | Lair:1   | Reached skill level 5 in Fighting
 22873 | Lair:3   | Found a staircase to the Shoals.
 23500 | Lair:3   | Reached *** piety under Dithmenos
 23565 | Lair:3   | Found a glowing golden altar of the Shining One.
 24101 | Lair:3   | Reached skill level 10 in Short Blades
 24487 | Lair:4   | Reached XP level 13. HP: 74/74 MP: 16/27
 24969 | Lair:4   | Found a hole to the Spider Nest.
 26765 | Lair:5   | Reached **** piety under Dithmenos
 27051 | Lair:4   | Reached skill level 10 in Spellcasting
 27237 | Lair:5   | Noticed Urug
 27244 | Lair:5   | Killed Urug
 27244 | Lair:5   | Reached skill level 5 in Stealth
 28155 | Lair:6   | Entered Level 6 of the Lair of Beasts
 28162 | Lair:6   | Identified 3 scrolls of acquirement
 29452 | Lair:5   | Reached XP level 14. HP: 84/84 MP: 20/29
 29642 | Lair:6   | Found a staircase to the Slime Pits.
 30655 | Lair:6   | Reached ***** piety under Dithmenos
 33186 | Lair:6   | Upgraded the game from 0.24.0-1-gfbc8707122 to
                  | 0.24.0-2-g5b39cebb1c
 33342 | Orc:1    | Entered Level 1 of the Orcish Mines
 33360 | Orc:1    | Found Baenneu's Antique Armour Boutique.
 33947 | Orc:1    | Bought a translucent scale mail for 270 gold pieces
 33957 | Orc:1    | Identified the cursed +0 scale mail of True Grit {*Slow rN+
                  | Int+2} (You bought it in a shop on level 1 of the Orcish
                  | Mines)
 33996 | Orc:1    | Got a pair of ichor-stained gloves
 34007 | Orc:1    | Identified the +0 pair of gloves "Doothiel" {-Cast rN+
                  | rCorr Dex+3} (You acquired it on level 1 of the Orcish
                  | Mines)
 34008 | Orc:1    | Got a black opal-encrusted plate armour
 34019 | Orc:1    | Identified the +1 plate armour of the Beggar {Int+2} (You
                  | acquired it on level 1 of the Orcish Mines)
 34332 | Orc:2    | Entered Level 2 of the Orcish Mines
 34585 | Orc:2    | Found a staircase to the Elven Halls.
 34625 | Orc:2    | Noticed Donald
 34817 | Orc:2    | Killed Donald
 36344 | Orc:2    | Found Qiopp's Antique Weapon Boutique.
 36344 | Orc:2    | Found Katuixaa's Food Boutique.
 36345 | Orc:2    | Found Qipurhul's General Store.
 36348 | Orc:2    | Found Lyuq's Gadget Shop.
 36954 | Orc:1    | Reached ****** piety under Dithmenos
 37126 | Orc:1    | Noticed Sonja
 37130 | Orc:1    | Killed Sonja
 37295 | Orc:2    | Bought a scroll of identify for 28 gold pieces
 37295 | Orc:2    | Bought a scroll of identify for 28 gold pieces
 37295 | Orc:2    | Bought a scroll of identify for 28 gold pieces
 37449 | Shoals:1 | Entered Level 1 of the Shoals
 37457 | Shoals:1 | Reached XP level 15. HP: 54/92 MP: 25/31
 37789 | Shoals:1 | Found Oshogoe's Distillery.
 38773 | Shoals:1 | Bought a potion of heal wounds for 90 gold pieces
 38819 | Shoals:1 | Reached skill level 5 in Shields
 39001 | Shoals:1 | Reached skill level 10 in Fighting
 39436 | Shoals:1 | Found Hasmueke's Food Shoppe.
 40220 | Shoals:2 | Got a shimmering battleaxe
 40225 | Shoals:2 | Identified the cursed +1 battleaxe "Brecoman's Bane"
                  | {distort, rC+ Str+5 Int-2} (You found it on level 2 of the
                  | Shoals)
 43359 | Shoals:3 | Noticed a kraken
 43691 | Shoals:3 | Reached skill level 10 in Stealth
 45672 | Shoals:4 | Entered Level 4 of the Shoals
 45694 | Shoals:4 | Hit by a javelin thrown by a merfolk javelineer

Levels and vault maps discovered:
D:1:      dpeg_cavernosity, layout_basic, nemelex_altar_shiori
D:2:      minmay_angry_zag, layout_loops_ring, kennysheep_path_1
D:3:      layout_basic, minitemple, first_ration, grunt_decor_arrowhead,
          uniq_robin, uniq_grinder
D:4:      kennysheep_big_flooded_room, layout_rooms
D:5:      layout_basic
D:6:      layout_basic, kennysheep_mini, nicolae_tso_carved_into_rock
D:7:      layout_loops_ring, lemuel_doored_altar, temple_fountains
D:8:      layout_basic, lemuel_crystal_altar, ashenzari_conservatory_becter,
          serial_shops, shop_fountains, basic_altar, bloody_trog
D:9:      layout_cave_pools, nicolae_overflow_crystal_walls, zin_purify
D:10:     layout_basic, david_lair_generic, serial_shops,
          nicolae_shop_window_shopping, shop, grunt_tengu_nest,
          minmay_liquid_box, kennysheep_generic_room_16
D:11:     cheibrodos_breeding_chamber, layout_small_grid,
          lemuel_mausoleum_altar_kikubaaqudgha
Temple:   eino_temple_water
Lair:1:   layout_gridlike, grunt_megastairs_2, infiniplex_staircase_pool_2
Lair:2:   layout_cave_pods, nicolae_quartered_pool_little
Lair:3:   layout_big_grid, elwin_shoals_entry_stream, lemuel_centaur_altar
Lair:4:   layout_regular_city, spider_nest_entry_web_field, serial_bayou_pond_e
Lair:5:   layout_roguey, grunt_megastairs_5, infiniplex_staircase_pool,
          serial_bayou_shore_b, lemuel_fruit_fields, uniq_urug
Lair:6:   guppyfry_lair_end_dragon, layout_regular_city,
          hangedman_lair_caniforms_friends, minmay_slime_entry_pillars,
          serial_bayou_ford_a
Shoals:1: layout_shoals, serial_shops, shop, shop_statue,
          nicolae_shoals_circle_sea_wall
Shoals:2: layout_shoals
Shoals:3: layout_shoals
Shoals:4: shoals_end_grunt_ice, layout_shoals, lemuel_oklob_altar
Orc:1:    layout_caves, serial_shops,
          nicolae_shop_temple_entry_statues_fountains, uniq_sonja
Orc:2:    st_orc_mages, layout_diamond_mine, nicolae_orc_lava_room, uniq_donald

Skill      XL: |  1  2  3  4  5  6  7  8  9 10 11 12 13 14 15 |
---------------+----------------------------------------------+-----
Conjurations   | 2 3 4 5 6 7 9 11 12 | 12.0
Fighting       | 1 2 3 6 8 9 10 | 10.7
Air Magic      | 5 6 7 8 10 11 12 | 12.0
Spellcasting   | 3 4 5 6 7 8 9 10 11 12 | 12.1
Dodging        | 3 4 6 7 8 9 |  9.5
Short Blades   | 1 3 5 7 8 10 | 10.0
Evocations     | 3 5 6 8 9 |  9.3
Shields        | 2 4 6 |  6.6
Stealth        | 6 8 10 | 10.1

Action                   |  1- 3 |  4- 6 |  7- 9 | 10-12 | 13-15 || total
-------------------------+-------+-------+-------+-------+-------++-------
Melee: Dagger            |    56 |    31 |    76 |   128 |   178 ||   469
       Kick              |    11 |     6 |    27 |    45 |    53 ||   142
       Peck              |     7 |     2 |     9 |    23 |    46 ||    87
       Staff             |       |       |     6 |     6 |    24 ||    36
Throw: Stone             |       |       |       |     2 |       ||     2
 Cast: Shock             |    36 |   137 |    76 |   103 |   151 ||   503
       Swiftness         |       |     1 |     1 |     6 |       ||     8
       Airstrike         |       |       |    84 |   293 |   747 ||  1124
       Static Discharge  |       |       |       |     9 |     5 ||    14
       Lightning Bolt    |       |       |       |    47 |   102 ||   149
       Mephitic Cloud    |       |       |       |       |     2 ||     2
Invok: Shadow Step       |       |       |       |       |     1 ||     1
 Abil: Fly               |       |     1 |       |       |       ||     1
Evoke: Staff of energy   |       |       |     9 |    15 |    92 ||   116
       Wand              |       |       |       |    14 |     2 ||    16
       Lightning rod     |       |       |       |       |     1 ||     1
  Use: Scroll            |       |     8 |     7 |    10 |    19 ||    44
       Potion            |       |       |       |     1 |     3 ||     4
 Stab: Sleeping          |     3 |     1 |     1 |     2 |     5 ||    12
       Paralysed         |       |       |       |     1 |       ||     1
  Eat: Chunk             |     3 |     8 |    24 |    36 |    58 ||   129
       Ration            |       |       |       |     6 |     5 ||    11
Armor: Robe              |     7 |     5 |    15 |    26 |    33 ||    86
       Leather armour    |       |     7 |     4 |       |       ||    11
       Scale mail        |       |       |       |       |    27 ||    27
Dodge: Dodged            |    37 |    38 |    87 |   189 |   335 ||   686
Block: Other             |       |       |     7 |     4 |       ||    11
       Buckler           |       |       |       |    83 |   212 ||   295
       Reflection        |       |       |       |     8 |    20 ||    28
